Map: [ESL] Babylon

Players

Reynor

  • Race: Zerg Zerg

Oliveira - Winner!

  • Race: Terran Terran

Event: IEM Katowice 2023

VOD

Have the link to the VOD?

Description

Time

  • Played on: Feb. 12, 2023, 9:08 a.m.
  • Length: 15:57

All games in this series

Show
View Real Time Build Order
Export as new Build Order

Reynor Zerg 

Build Orders: Hatch First 

Get SALT Encoding   

  12  0:00  Drone  
  13  0:12  Overlord  
  13  0:16  Drone  
  14  0:30  Drone x2  
  16  0:48  Hatchery  
  15  0:51  Drone  
  15  0:55  Drone  
  17  0:58  Drone  
  18  1:09  Extractor  
  17  1:13  Spawning Pool  
  17  1:16  Drone  
  17  1:20  Drone  
  18  1:27  Drone  
  19  1:38  Drone  
  20  1:48  Overlord  
  20  2:00  Queen x2  
  20  2:01  Zergling x4  
  26  2:10  Drone  
  26  2:12  Drone  
  28  2:21  Drone  
  28  2:22  Drone  
  30  2:30  Hatchery  
  30  2:33  Drone x2  
  31  2:42  Metabolic Boost  
  31  2:43  Drone  
  32  2:45  Overlord  
  32  2:53  Drone  
  32  2:54  Drone  
  32  2:55  Queen  
  36  3:04  Overlord  
  36  3:05  Drone  
  36  3:09  Queen  
  36  3:11  Drone x2  
  41  3:14  Drone  
  41  3:16  Drone  
  41  3:18  Drone  
  43  3:26  Drone  
  44  3:29  Drone  
  44  3:31  Queen  
  47  3:36  Overlord  
  47  3:39  Drone  
  48  3:42  Drone  
  48  3:44  Queen  
  48  3:47  Queen  
  53  3:51  Drone x2  
  53  3:53  Drone  
  56  3:58  Zergling x2  
  56  4:01  Overlord  
  57  4:03  Zergling x6  
  57  4:06  Zergling x2  
  61  4:10  Drone  
  61  4:14  Drone x2  
  64  4:18  Overlord  
  64  4:19  Overlord  
  64  4:20  Drone x2  
  64  4:23  Queen  
  68  4:25  Drone x2  
  68  4:26  Lair  
  70  4:32  Extractor  
  70  4:35  Overlord  
  70  4:36  Baneling Nest  
  70  4:37  Drone x2  
  70  4:39  Drone x2  
  70  4:40  Drone  
  70  4:43  Queen  
  75  4:47  Zergling x4  
  75  4:49  Drone x2  
  75  4:51  Drone  
  80  4:54  Spore Crawler  
  80  4:55  Spore Crawler  
  80  4:57  Drone x2  
  80  4:58  Drone  
  81  5:01  Spore Crawler  
  81  5:06  Drone x4  
  84  5:08  Overlord  
  84  5:11  Drone  
  85  5:17  Zergling x2  
  85  5:18  Zergling x4  
  88  5:25  Baneling x2  
  88  5:26  Baneling  
  88  5:27  Overseer  
  88  5:29  Drone x5  
  88  5:31  Overseer  
  88  5:32  Hatchery  
  88  5:34  Drone x3  
  88  5:35  Drone x2  
  97  5:38  Drone  
  98  5:44  Overlord  
  98  5:51  Overlord, Evolution Chamber x2  
  98  5:52  Extractor x2, Drone  
  98  5:53  Drone x2  
  98  5:54  Drone  
  98  5:55  Extractor, Drone  
  98  5:57  Overlord  
  98  6:04  Drone x4  
  98  6:05  Drone  
  98  6:06  Overlord  
  98  6:11  Hatchery  
  101  6:21  Drone x2  
  100  6:26  Drone  
  100  6:27  Zerg Melee Weapons Level 1, Zerg Ground Armor Level 1  
  100  6:29  Zergling x18  
  100  6:32  Zergling x4  
  111  6:36  Drone x3  
  114  6:40  Drone  
  114  6:41  Drone, Spore Crawler  
  114  6:44  Drone  
  116  6:48  Extractor  
  116  6:52  Drone x2  
  117  6:55  Queen  
  117  6:56  Drone  
  117  6:58  Overlord  
  117  6:59  Hatchery  
  117  7:00  Zergling x4  
  121  7:05  Hydralisk Den  
  117  7:09  Zergling x6  
  117  7:10  Centrifugal Hooks  
  117  7:12  Baneling x8  
  117  7:14  Drone  
  121  7:19  Drone x2  
  123  7:25  Zergling x10  
  123  7:26  Drone  
  123  7:28  Drone x3  
  127  7:30  Drone  
  127  7:33  Drone  
  127  7:35  Drone x3  
  127  7:36  Drone  
  132  7:37  Muscular Augments  
  132  7:41  Spore Crawler  
  132  7:42  Hydralisk x2  
  132  7:44  Overlord  
  135  7:45  Baneling x7  
  135  7:46  Zergling x2  
  133  7:52  Zergling x8  
  133  7:54  Hydralisk  
  133  7:57  Zergling x4  
  139  8:00  Overlord  
  139  8:04  Hydralisk  
  139  8:05  Zergling x6  
  140  8:06  Queen  
  140  8:11  Hydralisk  
  140  8:12  Zergling x8  
  143  8:15  Hydralisk  
  143  8:16  Zergling x6  
  143  8:19  Baneling x7  
  142  8:22  Hydralisk x2, Zergling x4  
  142  8:23  Zergling x4  
  150  8:29  Overlord  
  150  8:30  Baneling x2  
  150  8:31  Baneling x4  
  150  8:33  Hydralisk, Zergling x8  
  150  8:34  Zergling x2  
  156  8:36  Zerg Melee Weapons Level 2, Zerg Ground Armor Level 2  
  156  8:39  Zergling x2  
  156  8:40  Zergling x4  
  157  8:41  Zergling x4  
  157  8:44  Zergling x2  
  157  8:45  Zergling x6  
  157  8:47  Infestation Pit  
  157  8:48  Overlord x3  
  162  8:49  Baneling x4  
  162  8:57  Overlord  
  162  8:58  Baneling x5  
  157  9:03  Hydralisk  
  157  9:04  Zergling x12  
  157  9:05  Hydralisk  
  157  9:09  Zergling x2  
  153  9:10  Zergling x2  
  153  9:11  Hydralisk  
  153  9:16  Zergling x2  
  153  9:17  Hydralisk, Zergling x4  
  144  9:18  Zergling x6  
  146  9:24  Zergling x6  
  146  9:27  Hive  
  146  9:28  Zergling x2  
  146  9:31  Baneling x8  
  148  9:32  Zergling x10  
  148  9:35  Zergling x2  
  143  9:39  Zergling x4  
  143  9:41  Queen  
  143  9:43  Zergling x8  
  148  9:48  Zergling x10  
  153  9:54  Zergling x4  
  153  9:55  Zergling x6  
  153  9:59  Drone x2  
  161  10:00  Drone x3  
  161  10:01  Grooved Spines  
  161  10:02  Baneling x14  
  161  10:05  Zergling x6  
  166  10:10  Zergling x4  
  168  10:14  Drone x3  
  168  10:15  Spore Crawler  
  168  10:16  Zergling x4  
  168  10:18  Zergling x2  
  168  10:19  Extractor  
  172  10:29  Zergling x4  
  172  10:30  Zergling x14  
  172  10:33  Hatchery  
  172  10:35  Spore Crawler  
  179  10:40  Viper x3  
  179  10:42  Overlord  
  188  10:43  Zergling x4  
  183  10:58  Baneling x14  
  183  11:03  Zergling x32  
  191  11:18  Hydralisk, Zergling x2  
  167  11:19  Queen, Zergling x16  
  167  11:22  Drone x6  
  167  11:24  Hydralisk x2  
  182  11:26  Queen  
  182  11:30  Hydralisk  
  182  11:31  Zergling x4  
  184  11:35  Zergling x2  
  184  11:36  Zergling x6  
  157  11:45  Baneling x15, Zergling x2  
  150  11:47  Zergling x6  
  150  11:48  Zergling x6  
  150  11:49  Zergling x2  
  150  11:52  Zergling x4  
  152  11:57  Zergling x10  
  152  12:00  Zergling x4  
  144  12:06  Zergling x4  
  145  12:09  Zergling x2  
  145  12:12  Zergling x6  
  145  12:18  Hydralisk, Zergling x2  
  145  12:19  Zergling x4  
  145  12:21  Hydralisk  
  145  12:22  Zergling x2  
  152  12:23  Zerg Ground Armor Level 3  
  152  12:26  Zergling x8  
  145  12:31  Hydralisk  
  145  12:32  Zergling x2  
  145  12:35  Hatchery  
  145  12:36  Zergling x2  
  139  12:37  Zergling x8  
  139  12:39  Zergling x4  
  139  12:40  Zergling x2  
  139  12:43  Baneling x8  
  146  12:45  Zergling x6  
  146  12:46  Zergling x2  
  150  12:51  Zergling x2  
  150  12:52  Zergling x4  
  152  12:58  Baneling x11  
  152  12:59  Zergling x8  
  155  13:07  Zergling x10  
  155  13:08  Hydralisk  
  159  13:16  Hydralisk, Zergling x2  
  159  13:17  Zergling x4  
  156  13:20  Zergling x10  
  156  13:22  Overlord  
  156  13:24  Overlord  
  149  13:31  Zergling x4  
  145  13:35  Zergling x2  
  145  13:36  Zergling x6  
  148  13:45  Hydralisk x3  
  148  13:48  Zergling x6  
  153  13:50  Zergling x2  
  145  13:56  Zergling x6  
  145  13:58  Baneling x14  
  145  14:00  Zergling x2  
  149  14:03  Zergling x8  
  149  14:04  Zergling x2  
  149  14:07  Zergling x2  
  149  14:08  Lurker Den  
  150  14:12  Zergling x8  
  150  14:16  Zergling x6  
  140  14:17  Zergling x2  
  140  14:18  Zergling x2  
  140  14:19  Zergling x2  
  140  14:24  Zergling x6  
  140  14:25  Zergling x2  
  140  14:30  Zergling x8  
  142  14:32  Zergling x2  
  142  14:33  Zergling x2  
  125  14:45  Zergling x4  
  125  14:46  Zergling x6  
  125  14:49  Zergling x8  
  108  14:57  Zergling x8  
  112  15:00  Zergling x2  
  112  15:01  Zergling x6  
  112  15:06  Lurker x4  
  112  15:07  Lurker x3  
  116  15:10  Lurker x3  
  112  15:23  Zergling x2  
  112  15:24  Zergling x12  
  109  15:30  Zergling x6  
  109  15:32  Zergling x4  
  114  15:35  Zergling x4  
Show
View Real Time Build Order
Export as new Build Order

Oliveira Terran - Winner!

Build Orders: Reaper Expand, Hellion Banshee 

Get SALT Encoding   

  12  0:00  SCV  
  13  0:12  SCV  
  14  0:17  Supply Depot  
  14  0:24  SCV  
  15  0:39  SCV  
  15  0:40  Barracks  
  16  0:44  Refinery  
  16  0:51  SCV  
  17  1:03  SCV  
  18  1:15  SCV  
  19  1:27  Orbital Command, Reaper  
  20  1:40  Command Center  
  20  1:48  Supply Depot  
  20  1:52  SCV  
  21  1:59  Marine  
  22  2:05  SCV  
  23  2:12  Factory  
  23  2:17  SCV  
  23  2:21  Barracks Reactor  
  24  2:29  SCV  
  25  2:39  Command Center  
  25  2:42  SCV  
  26  2:52  Orbital Command  
  26  2:54  SCV  
  26  3:07  Hellion  
  26  3:09  Starport  
  26  3:10  Hellion  
  26  3:12  SCV  
  31  3:18  Barracks Tech Lab, Refinery  
  31  3:20  SCV  
  31  3:24  SCV  
  33  3:30  Hellion  
  33  3:31  Hellion  
  33  3:33  SCV  
  38  3:36  SCV  
  39  3:45  SCV  
  40  3:48  SCV  
  40  3:49  Marine  
  40  3:51  Banshee  
  40  3:52  Orbital Command  
  45  3:58  Hellion x2  
  45  4:00  SCV  
  45  4:01  SCV  
  51  4:05  Supply Depot  
  51  4:08  Cloaking Field  
  51  4:10  Barracks Tech Lab  
  51  4:12  SCV  
  51  4:13  SCV  
  53  4:18  SCV  
  53  4:19  Hellion  
  53  4:21  Hellion  
  58  4:24  SCV  
  58  4:25  SCV  
  60  4:32  Supply Depot  
  60  4:33  Banshee, SCV  
  60  4:37  SCV  
  65  4:38  SCV  
  65  4:40  Marine  
  65  4:45  Stimpack  
  67  4:46  SCV  
  67  4:48  Barracks  
  67  4:49  SCV  
  67  4:52  Factory Reactor  
  69  4:53  SCV  
  69  4:55  Barracks, Supply Depot  
  69  4:58  Marine, SCV  
  72  5:03  Engineering Bay x2, SCV  
  73  5:09  Refinery  
  73  5:10  SCV, Refinery  
  74  5:16  Marine, SCV  
  74  5:17  Orbital Command, Supply Depot  
  76  5:24  SCV  
  77  5:28  Barracks  
  77  5:31  Barracks  
  77  5:33  SCV  
  77  5:34  Terran Infantry Weapons Level 1  
  78  5:39  Terran Infantry Armor Level 1  
  78  5:41  SCV  
  79  5:43  Marine x2, Starport Reactor  
  79  5:46  SCV x2  
  79  5:49  Siege Tank  
  86  5:50  Marine x3  
  86  5:56  Supply Depot  
  89  5:58  SCV  
  89  5:59  Supply Depot  
  89  6:00  Marine  
  89  6:01  Marine  
  89  6:02  SCV  
  93  6:08  Supply Depot  
  93  6:17  Marine x3, SCV x3  
  99  6:19  Refinery  
  99  6:22  Barracks Reactor x2  
  99  6:23  Supply Depot  
  99  6:28  Siege Tank, Marine  
  99  6:29  Marine, SCV x3  
  99  6:30  Medivac x2  
  111  6:36  Supply Depot  
  111  6:38  Marine x2, Armory  
  113  6:41  SCV x3  
  113  6:44  Combat Shield  
  113  6:46  Marine  
  117  6:50  Marine, Supply Depot  
  117  6:53  Marine, SCV x2  
  121  6:55  Marine, Factory, SCV  
  121  6:59  Marine x2  
  125  7:05  Marine x2  
  125  7:06  Siege Tank  
  130  7:10  Marine  
  130  7:13  Marine, Command Center  
  130  7:14  Marine  
  133  7:16  Supply Depot  
  133  7:17  Marine x2  
  135  7:23  Refinery  
  135  7:25  Marine  
  135  7:27  Command Center  
  136  7:30  Marine x2  
  136  7:36  Marine x2  
  140  7:38  Marine x2  
  140  7:39  Factory Tech Lab  
  140  7:40  Terran Infantry Weapons Level 2, Terran Infantry Armor Level 2  
  140  7:42  SCV x2  
  144  7:45  Terran Vehicle Weapons Level 1  
  144  7:47  Marine  
  144  7:48  Supply Depot  
  144  7:49  Supply Depot  
  145  7:54  Marine x3  
  145  7:55  Marine  
  145  7:56  Siege Tank  
  149  8:09  Marine x4, Medivac, SCV x2  
  149  8:10  Medivac  
  149  8:12  Marine  
  160  8:14  Marine  
  160  8:17  Marine x2  
  160  8:18  Siege Tank  
  161  8:22  Marine  
  161  8:26  SCV x2  
  163  8:27  Marine x2  
  163  8:29  Marine  
  165  8:34  Marine x2  
  165  8:37  Siege Tank  
  165  8:39  Medivac  
  165  8:40  Medivac  
  165  8:41  Marine  
  166  8:44  Marine x2  
  166  8:45  Marine  
  166  8:47  Marine x2  
  172  8:49  Marine  
  172  8:54  Marine  
  174  8:57  Marine  
  171  9:08  Marine x3  
  171  9:09  Marine  
  146  9:10  Marine  
  146  9:12  Marine  
  146  9:13  Marine  
  137  9:17  Marine x2  
  137  9:18  Planetary Fortress  
  137  9:21  Siege Tank  
  142  9:24  Barracks  
  142  9:25  Barracks  
  142  9:26  Marine, Barracks  
  142  9:30  Marine x2, SCV x2  
  146  9:31  SCV  
  146  9:37  Sensor Tower  
  130  9:39  Marine x6  
  130  9:42  SCV  
  130  9:44  Marine  
  130  9:45  SCV x2  
  137  9:47  Terran Vehicle Weapons Level 2  
  137  9:48  Marine x2  
  137  9:51  Siege Tank, Liberator x2  
  148  9:57  Marine x6  
  148  9:58  Siege Tank  
  157  10:01  Marine  
  157  10:06  Terran Infantry Weapons Level 3, Terran Infantry Armor Level 3  
  158  10:09  Marine x2  
  158  10:11  Marine x2  
  162  10:14  Marine  
  162  10:15  Supply Depot  
  162  10:17  Marine x2  
  162  10:19  Supply Depot  
  165  10:27  Marine x2  
  167  10:31  Siege Tank x2  
  167  10:32  Marine x2  
  175  10:37  Marine  
  175  10:39  Command Center  
  173  10:54  Marine  
  173  10:55  Marine x6  
  173  10:56  Marine x2  
  178  11:00  Marine  
  179  11:08  Marine x2  
  179  11:09  Siege Tank x2  
  179  11:11  Sensor Tower  
  187  11:12  Marine  
  187  11:18  Marine  
  185  11:19  Marine x2  
  185  11:20  Marine  
  185  11:22  Marine  
  189  11:26  Marine  
  187  11:36  Marine x3  
  187  11:38  Marine x2  
  161  11:41  Marine x3, Siege Tank  
  161  11:44  Siege Tank  
  161  11:45  Marine x2  
  161  11:46  Marine  
  173  11:48  Marine  
  161  11:54  Marine x3  
  161  11:56  Marine  
  161  11:57  Marine  
  161  11:58  Marine x2  
  164  12:03  Marine x2  
  164  12:04  Marine  
  164  12:05  Liberator x2  
  164  12:06  Marine x2  
  173  12:12  Marine x3  
  173  12:13  Command Center  
  173  12:14  Marine  
  173  12:15  Marine  
  178  12:16  Marine x2  
  178  12:18  Ghost Academy, Siege Tank  
  178  12:22  Marine  
  181  12:24  Marine x2  
  181  12:27  Marine  
  183  12:31  Marine  
  183  12:32  Marine  
  183  12:34  Marine x4  
  183  12:35  Siege Tank  
  183  12:37  Marine x2  
  182  12:38  Planetary Fortress  
  182  12:39  Marine  
  182  12:41  Marine  
  182  12:42  Marine  
  185  12:47  Terran Vehicle Weapons Level 3  
  185  12:50  Marine x2  
  187  12:54  Ghost  
  187  12:56  Marine x2  
  187  12:57  Marine x2  
  193  12:59  Marine  
  193  13:04  Marine  
  193  13:05  Marine, Medivac  
  193  13:06  Marine x2, Medivac  
  193  13:08  Siege Tank  
  195  13:18  Marine x2  
  191  13:22  Marine  
  191  13:23  Ghost  
  191  13:25  Marine x2  
  188  13:27  Marine  
  188  13:28  Siege Tank  
  188  13:30  Barracks Tech Lab x3  
  189  13:35  Marine x3  
  189  13:40  Marine x2  
  189  13:41  Siege Tank  
  192  13:42  Medivac x2  
  192  13:47  Marine  
  197  13:48  Ghost  
  197  13:50  Orbital Command  
  197  13:52  Marine, Command Center  
  197  13:54  Marine  
  191  13:58  Marine x2  
  191  14:00  Marine x2  
  195  14:03  Marine x2  
  195  14:04  Siege Tank  
  195  14:09  Marine  
  200  14:14  Marine x2  
  196  14:18  Siege Tank, Marine  
  196  14:19  Marine  
  200  14:29  Marine  
  200  14:31  Command Center x2  
  186  14:48  Marine x2, Siege Tank  
  186  14:52  Marine  
  165  14:53  Siege Tank  
  165  14:55  Marine x4  
  165  14:56  Marine, Ghost x2  
  165  14:57  Marine x2, Medivac x2  
  183  15:07  Marine x2  
  178  15:13  Marine  
  180  15:16  Ghost, Marauder  
  183  15:24  Ghost  
  183  15:25  Marine x2  
  176  15:30  Orbital Command  
  176  15:33  Marine  
  176  15:34  Marine x2  

Tags
 
Add a new tag
Caveats
  • Supply blocks, unpowered buildings, or Contaminate may cause inaccurate times.
  • Supply counts are checked every 10 seconds.